Map: Emerald City LE

Players

Juanette

  • Race: Terran Terran
  • League: Platinum
  • Spawn Location: 5:00

Sylar

  • Race: Terran Terran
  • League: Diamond
  • Spawn Location: 5:00

OpuS - Winner!

  • Race: Protoss Protoss
  • League: Platinum
  • Spawn Location: 11:00

Sketchaphone - Winner!

  • Race: Zerg Zerg
  • League: Platinum
  • Spawn Location: 11:00

VOD

Have the link to the VOD?

Description

Time

  • Played on: Feb. 18, 2019, 9:35 p.m.
  • Length: 19:08
Show
View Real Time Build Order
Export as new Build Order

Juanette Terran 

Build Orders: Mech 

Get SALT Encoding   

  12  0:01  SCV  
  13  0:13  SCV  
  14  0:17  Supply Depot  
  14  0:24  Supply Depot  
  14  0:25  SCV  
  15  0:32  Refinery  
  15  0:45  SCV  
  16  0:56  Barracks  
  16  0:57  SCV  
  17  1:09  SCV  
  18  1:21  SCV  
  19  1:35  Refinery  
  19  1:42  SCV  
  19  1:46  Factory  
  20  1:47  Barracks Tech Lab  
  20  1:55  SCV  
  21  2:13  Orbital Command  
  21  2:16  Command Center  
  21  2:27  Refinery  
  21  2:37  Factory  
  21  2:39  SCV  
  22  3:05  Infernal Pre-Igniter  
  22  3:07  SCV  
  23  3:14  Barracks Reactor  
  23  3:25  Factory Tech Lab  
  23  3:27  SCV  
  23  3:28  Hellion  
  23  3:31  Orbital Command  
  23  3:32  Supply Depot  
  26  3:34  Refinery  
  26  3:40  SCV  
  27  3:47  Siege Tank  
  30  3:49  Hellion  
  30  3:52  SCV  
  33  3:57  SCV  
  34  4:04  SCV  
  34  4:07  Supply Depot  
  34  4:09  SCV  
  36  4:21  SCV  
  37  4:33  Siege Tank  
  37  4:36  Hellion x2  
  44  4:38  SCV  
  45  4:47  SCV  
  45  4:50  SCV  
  47  4:54  Factory  
  47  4:56  Engineering Bay  
  47  4:57  Hellion x2  
  47  4:59  SCV  
  52  5:03  SCV  
  53  5:11  SCV  
  54  5:19  Factory  
  54  5:23  Armory  
  54  5:25  Missile Turret  
  54  5:29  Missile Turret  
  54  5:31  Missile Turret x2  
  54  5:33  Supply Depot  
  54  5:39  Factory Tech Lab  
  54  5:55  SCV x2  
  56  6:07  SCV  
  57  6:12  Drilling Claws  
  57  6:14  Factory Reactor  
  57  6:19  SCV  
  57  6:22  Widow Mine x2  
  62  6:31  Supply Depot  
  62  6:36  Supply Depot  
  62  6:39  Supply Depot  
  62  6:40  Supply Depot  
  62  6:53  Widow Mine x2, Siege Tank  
  69  6:58  Siege Tank  
  72  7:02  Hellion x2  
  72  7:08  Supply Depot  
  76  7:09  Supply Depot  
  76  7:15  Widow Mine x2  
  80  7:24  Hellion x2  
  80  7:25  Siege Tank  
  81  7:30  Widow Mine  
  81  7:36  Hellion x2  
  81  7:51  Widow Mine  
  81  7:57  Siege Tank  
  86  8:01  Missile Turret  
  86  8:13  Siege Tank  
  89  8:26  Missile Turret  
  89  8:27  Widow Mine x3  
  89  8:28  Widow Mine  
  89  8:29  SCV, Siege Tank  
  99  8:41  SCV  
  99  8:45  Siege Tank  
  99  8:54  SCV  
  97  9:01  Siege Tank  
  96  9:17  Siege Tank  
  96  9:18  Hellion x3  
  96  9:19  Hellion  
  107  9:33  Siege Tank  
  110  9:51  Hellion  
  110  10:04  Hellion  
  110  10:26  Command Center  
  110  10:34  Hellion x6  
  110  10:48  Hellion  
  110  10:52  Missile Turret  
  110  11:15  Refinery  
  110  11:17  Supply Depot  
  110  11:18  Supply Depot  
  110  11:23  Hellion  
  110  11:26  SCV x2  
  110  11:28  Hellion  
  110  11:29  Hellion  
  110  11:30  Hellion  
  110  11:31  Hellion  
  108  11:36  Siege Tank  
  108  11:38  SCV x2  
  111  11:44  Siege Tank  
  111  11:45  Supply Depot  
  114  11:47  Supply Depot  
  114  11:50  Hellion, Orbital Command, SCV x2  
  114  11:51  Hellion  
  114  11:52  Hellion  
  114  11:53  Hellion  
  124  12:00  Refinery  
  124  12:02  SCV x2  
  124  12:05  Terran Vehicle Weapons Level 1  
  126  12:08  Siege Tank  
  126  12:11  Hellion  
  126  12:12  Hellion, Refinery  
  126  12:14  SCV x2  
  135  12:16  Supply Depot, Siege Tank  
  135  12:17  Supply Depot  
  138  12:27  Missile Turret, SCV  
  139  12:30  SCV  
  139  12:32  Sensor Tower  
  140  12:39  SCV  
  140  12:41  Siege Tank  
  140  12:42  SCV  
  140  12:44  Supply Depot  
  145  12:47  Missile Turret  
  145  12:48  Siege Tank  
  145  12:51  SCV  
  149  12:54  SCV  
  149  12:57  Starport  
  150  13:03  SCV  
  137  13:06  SCV  
  132  13:13  Siege Tank  
  132  13:15  SCV  
  132  13:18  SCV  
  135  13:20  Siege Tank  
  138  13:27  SCV  
  139  13:34  Missile Turret  
  134  13:45  Siege Tank  
  134  14:04  Missile Turret  
  134  14:11  Missile Turret  
  134  14:17  Missile Turret  
  134  14:32  Sensor Tower  
  91  15:26  Missile Turret  
  91  15:27  SCV x2  
  97  15:35  Widow Mine  
  97  15:36  Widow Mine x5  
  97  15:39  SCV  
  97  15:40  SCV  
  107  15:51  SCV  
  107  15:52  SCV  
  113  15:57  Widow Mine x4  
  113  16:00  Widow Mine  
  113  16:01  Missile Turret  
  113  16:04  SCV  
  120  16:16  SCV  
  120  16:17  Missile Turret  
  120  16:18  Missile Turret  
  115  16:34  Missile Turret  
  87  17:02  Siege Tank  
  87  17:03  Widow Mine x4, Siege Tank  
  87  17:08  SCV  
  102  17:24  Widow Mine x2  
  106  17:35  Siege Tank x2  
  112  17:39  Missile Turret  
  112  17:42  Missile Turret  
  112  17:48  Missile Turret  
  112  17:53  Missile Turret  
  112  18:03  Orbital Command  
  104  18:07  Siege Tank x2  
  89  18:41  Widow Mine x4  
Show
View Real Time Build Order
Export as new Build Order

Sylar Terran 

Build Orders: Gas First Reaper Expand 

Get SALT Encoding   

  12  0:01  SCV  
  13  0:13  SCV  
  14  0:19  Supply Depot  
  14  0:25  SCV  
  15  0:28  Refinery  
  15  0:40  SCV  
  16  0:45  Barracks  
  16  0:52  SCV  
  17  1:04  SCV  
  18  1:16  SCV  
  19  1:32  Orbital Command  
  19  1:33  Reaper  
  20  1:49  Command Center  
  20  1:57  Factory  
  20  1:59  SCV  
  21  2:06  Supply Depot  
  21  2:14  SCV  
  22  2:17  Refinery  
  22  2:26  Barracks Reactor, SCV  
  23  2:31  Supply Depot  
  23  2:35  Engineering Bay  
  23  2:43  Hellion  
  24  2:49  Factory  
  24  3:00  SCV  
  24  3:04  Terran Infantry Weapons Level 1  
  25  3:06  Hellion  
  25  3:08  Marine  
  25  3:10  Marine  
  29  3:43  Hellion x2  
  33  3:51  Marine x2  
  33  3:54  Orbital Command  
  35  4:05  Factory Tech Lab, Hellion  
  35  4:08  Marine  
  35  4:09  Starport, Marine  
  39  4:12  Supply Depot x2  
  39  4:15  Supply Depot  
  39  4:25  Bunker  
  39  4:26  Marine  
  39  4:29  SCV x2  
  42  4:44  SCV x2  
  44  4:53  Missile Turret  
  44  4:54  Siege Tank  
  44  4:55  Factory Reactor  
  44  4:56  SCV  
  44  4:59  Starport Reactor  
  48  5:14  Supply Depot  
  48  5:23  Marine x2  
  48  5:25  SCV x2  
  48  5:26  Siege Tank  
  45  6:12  SCV x2  
  47  6:21  Medivac x2  
  47  6:23  Barracks  
  47  6:24  Barracks, Terran Infantry Armor Level 1, SCV x2  
  53  6:29  Supply Depot  
  53  6:30  Supply Depot x2  
  53  6:31  Supply Depot  
  53  6:32  Supply Depot, Siege Tank  
  56  6:34  Widow Mine x2  
  56  6:36  Marine, SCV x2  
  63  6:48  SCV  
  63  6:49  Refinery  
  63  6:53  Marine  
  65  6:54  Marine  
  65  6:59  Medivac  
  65  7:00  Medivac  
  65  7:01  SCV x2  
  72  7:04  Refinery  
  72  7:11  Marine  
  73  7:29  Engineering Bay  
  73  7:37  Marine x2  
  73  7:42  Barracks Tech Lab x2  
  75  7:44  Siege Tank  
  75  7:45  Widow Mine x2  
  82  7:56  Marine x2  
  84  8:03  SCV  
  84  8:04  Stimpack, SCV  
  86  8:06  Widow Mine x2  
  86  8:08  Missile Turret  
  86  8:12  Missile Turret  
  88  8:16  Siege Tank  
  89  9:05  Marauder, Marine x2  
  89  9:06  Marauder  
  89  9:07  Widow Mine, Siege Tank  
  89  9:08  Widow Mine  
  102  9:23  Marine x2  
  104  9:26  Medivac x2, Marine x2  
  104  9:27  Barracks  
  104  9:30  Barracks  
  110  9:32  Armory  
  110  9:34  Supply Depot  
  110  9:37  Concussive Shells, Supply Depot x3  
  110  9:39  Supply Depot x2  
  110  10:05  Combat Shield  
  100  10:26  Barracks Tech Lab  
  100  10:27  Barracks Reactor  
  100  10:55  Terran Infantry Weapons Level 2, Terran Infantry Armor Level 2  
  100  10:58  Terran Vehicle Weapons Level 1  
  100  10:59  Siege Tank  
  100  11:00  Widow Mine x2  
  100  11:01  Drilling Claws  
  107  11:08  Marauder x2, Marine x2  
  107  11:09  Marine x2  
  107  11:10  Marauder  
  117  11:22  Widow Mine x2  
  118  11:32  Marine x2, Siege Tank  
  123  11:33  Marauder x2, Marine x2  
  123  11:34  Marine  
  130  12:04  Siege Tank  
  133  12:13  Command Center  
  133  12:17  Marauder  
  133  12:18  Sensor Tower, Marauder, Marine  
  138  12:23  SCV x2  
  140  12:42  Marauder x3, Marine  
  143  13:03  Marauder  
  142  13:15  Marauder x2, Marine  
  142  13:16  Marine x3  
  150  13:25  Marauder  
  132  13:37  Marauder x2  
  136  13:51  SCV x2  
  137  14:03  SCV  
  137  14:04  Marine x7, SCV  
  146  14:15  SCV  
  146  14:16  SCV, Command Center  
  148  14:21  Marine  
  148  14:22  Marine x6  
  155  14:27  SCV  
  155  14:28  SCV  
  138  14:39  Marine, SCV  
  138  14:40  Marine, SCV  
  117  14:57  Orbital Command  
  115  15:26  Marauder  
  115  15:27  Marauder x2, Marine  
  115  15:28  Marine x3  
  125  15:29  Orbital Command  
  125  15:32  SCV x2  
  127  15:44  SCV x2  
  127  15:45  Marine x2  
  127  15:48  Marauder x3  
  137  15:56  SCV  
  138  16:09  Marauder  
  138  16:10  Marauder  
  142  16:32  Marine x6  
  146  16:33  Marine  
  149  16:49  Marine  
  149  16:50  Marine x3  
  146  17:17  Marine x7  
  146  17:19  Orbital Command, SCV x2  
  149  17:31  SCV x2  
  149  17:34  Marine  
  149  17:35  Marine x6  
  158  17:45  Missile Turret  
  158  17:52  Marine  
  158  17:53  Marine x6  
  163  18:06  Missile Turret  
  163  18:10  Marine  
  163  18:11  Marauder, Marine x5  
  141  18:26  Missile Turret  
  110  18:28  Marine  
  107  18:34  Marauder, Marine  
  107  18:35  Marauder x2, Marine x2  
  116  18:46  Marine  
Show
View Real Time Build Order
Export as new Build Order

OpuS Protoss - Winner!

Build Orders:  

Get SALT Encoding   

  12  0:01  Probe  
  13  0:13  Probe  
  14  0:17  Pylon  
  14  0:25  Probe  
  15  0:37  Gateway  
  15  0:41  Probe  
  15  0:49  Probe, Assimilator  
  16  0:53  Assimilator  
  17  0:58  Probe  
  18  1:07  Gateway  
  18  1:18  Pylon  
  18  1:20  Probe  
  19  1:34  Cybernetics Core  
  19  1:37  Probe  
  19  1:45  Probe  
  21  1:54  Zealot  
  21  1:59  Zealot  
  25  2:06  Probe  
  26  2:10  Pylon  
  26  2:13  Warp Gate  
  26  2:21  Probe  
  27  2:23  Stalker  
  27  2:33  Probe  
  30  2:44  Stalker  
  30  2:45  Probe  
  33  2:53  Robotics Facility  
  33  3:01  Stalker  
  33  3:05  Probe  
  36  3:13  Probe  
  37  3:31  Nexus  
  37  3:41  Observer  
  37  3:44  Pylon  
  38  3:56  Pylon  
  35  4:02  Stalker  
  38  4:07  Observer  
  41  4:12  Stargate  
  41  4:14  Gateway  
  42  4:17  Probe  
  42  4:24  Stalker  
  44  4:30  Probe  
  45  4:43  Stalker  
  47  4:46  Probe x2  
  47  4:48  Observer  
  49  4:59  Immortal  
  53  5:02  Probe x2  
  55  5:13  Stalker  
  58  5:14  Probe x2  
  59  5:29  Probe x2  
  59  5:31  Stalker x2  
  65  5:41  Probe x2  
  67  5:44  Twilight Council  
  67  5:46  Gateway  
  60  6:02  Blink  
  48  6:08  Stalker  
  48  6:09  Stalker x2  
  48  6:10  Probe x2  
  56  6:18  Immortal  
  56  6:22  Probe x2  
  62  6:32  Assimilator  
  62  6:33  Assimilator  
  62  6:34  Probe x2  
  62  6:35  Pylon  
  64  6:40  Pylon  
  64  6:46  Probe  
  65  6:50  Stalker x2  
  69  6:59  Forge  
  69  7:01  Stalker x2  
  69  7:02  Probe  
  69  7:03  Probe  
  75  7:12  Immortal  
  79  7:16  Probe x2  
  81  7:38  Stalker x2  
  81  7:42  Gateway  
  85  7:44  Gateway  
  85  7:47  Gateway  
  85  7:48  Pylon  
  85  7:51  Pylon, Gateway  
  85  8:00  Observer  
  86  8:07  Pylon  
  86  8:08  Pylon  
  84  8:16  Protoss Ground Weapons Level 1  
  84  8:22  Observer  
  85  8:28  Nexus  
  85  8:30  Pylon  
  85  8:31  Pylon  
  84  8:43  Observer  
  71  9:01  Immortal  
  63  9:08  Stalker x2  
  63  9:09  Stalker x2  
  75  9:20  Probe  
  75  9:21  Probe  
  77  9:27  Oracle  
  77  9:33  Probe  
  77  9:34  Immortal  
  85  10:04  Oracle  
  88  10:09  Stalker  
  88  10:10  Stalker x2  
  88  10:13  Protoss Ground Weapons Level 2, Immortal  
  98  10:26  Probe x2  
  98  10:27  Probe  
  101  10:31  Oracle  
  93  10:38  Probe  
  93  10:41  Probe x2  
  98  10:50  Probe  
  98  10:52  Immortal  
  98  10:53  Probe x2  
  105  11:02  Probe  
  100  11:08  Oracle  
  100  11:09  Stalker x2  
  100  11:10  Stalker x5  
  117  11:12  Stalker  
  117  11:18  Probe x3  
  122  11:21  Assimilator  
  122  11:30  Probe  
  123  11:34  Stalker x3  
  123  11:35  Stalker, Oracle  
  131  11:43  Immortal  
  138  11:55  Probe x3  
  138  12:01  Assimilator  
  141  12:02  Stalker  
  141  12:03  Stalker x2  
  141  12:07  Probe x2, Charge  
  149  12:11  Robotics Bay  
  149  12:13  Pylon  
  149  12:15  Pylon  
  149  12:18  Pylon  
  149  12:31  Probe, Immortal  
  139  13:00  Colossus  
  139  13:04  Protoss Ground Weapons Level 3  
  113  13:07  Zealot x3  
  113  13:08  Zealot x5  
  135  13:16  Extended Thermal Lance  
  132  13:47  Zealot x4  
  132  13:48  Zealot x3  
  139  13:49  Zealot  
  139  13:53  Colossus  
  139  13:54  Gateway  
  148  13:56  Gateway  
  148  13:58  Gateway  
  148  13:59  Gateway  
  144  14:22  Zealot x2  
  144  14:23  Zealot x4  
  144  14:24  Zealot x2  
  152  14:48  Colossus  
  94  15:12  Dark Shrine  
  80  15:28  Zealot x5  
  84  15:29  Zealot x4  
  84  15:30  Zealot x3  
  104  15:36  Nexus  
  104  15:37  Protoss Ground Armor Level 1  
  104  15:39  Assimilator, Templar Archives  
  104  15:41  Assimilator  
  104  15:42  Forge  
  104  15:43  Forge  
  104  15:45  Pylon  
  104  15:48  Pylon  
  104  15:50  Colossus  
  110  16:00  Pylon  
  110  16:26  Shadow Stride  
  110  16:28  Dark Templar x2  
  110  16:29  Dark Templar x6  
  110  16:32  Dark Templar  
  128  16:36  Dark Templar  
  130  17:04  Protoss Shields Level 1  
  130  17:13  Colossus  
  136  17:16  Stalker x3  
  136  17:17  Stalker x4  
  150  17:29  Archon x3  
  150  17:30  Archon x2  
  150  17:39  Zealot  
  150  17:40  Zealot x5  
  150  17:41  Zealot x4  
  150  17:42  Zealot  
  168  17:46  Zealot  
  170  18:07  Colossus  
  102  18:29  Zealot x4  
  102  18:30  Zealot x3  
  102  18:31  Zealot x3  
  102  18:32  Zealot x2  
  110  18:43  Nexus  
  110  18:45  Pylon  
  84  19:04  Dark Templar  
  84  19:05  Dark Templar x5  
  96  19:06  Dark Templar  
Show
View Real Time Build Order
Export as new Build Order

Sketchaphone Zerg - Winner!

Build Orders: Pool First 

Get SALT Encoding   

  12  0:01  Drone  
  13  0:12  Overlord  
  13  0:17  Drone  
  13  0:20  Extractor  
  13  0:23  Drone  
  15  0:34  Drone  
  15  0:35  Drone  
  17  0:50  Spawning Pool  
  17  0:53  Drone  
  17  0:54  Extractor  
  16  0:57  Drone  
  17  1:18  Hatchery  
  16  1:25  Drone  
  17  1:26  Drone  
  17  1:29  Drone  
  19  1:41  Queen  
  21  1:55  Zergling x2  
  22  2:02  Overlord  
  22  2:05  Metabolic Boost  
  22  2:17  Overlord  
  22  2:21  Drone  
  23  2:29  Baneling Nest  
  21  2:41  Zergling x4  
  21  2:42  Zergling x4  
  25  2:49  Zergling x2  
  26  2:51  Queen  
  26  2:54  Drone  
  26  2:56  Zergling x4  
  31  3:05  Zergling x4  
  33  3:06  Drone  
  33  3:12  Overlord  
  34  3:17  Drone  
  35  3:30  Overlord  
  35  3:35  Evolution Chamber, Drone x2  
  36  3:50  Spine Crawler  
  36  3:54  Spine Crawler  
  34  4:01  Zerg Ground Armor Level 1  
  34  4:04  Drone  
  34  4:09  Zergling x6  
  38  4:11  Drone  
  39  4:18  Drone x2  
  39  4:22  Drone x2  
  43  4:32  Queen  
  45  4:40  Drone x2  
  47  4:52  Extractor  
  46  5:00  Roach Warren  
  46  5:01  Drone x2  
  46  5:02  Drone x4  
  51  5:09  Lair  
  51  5:27  Overlord  
  51  5:29  Pneumatized Carapace  
  51  5:31  Overlord  
  51  5:33  Baneling x5  
  51  5:34  Baneling x3  
  51  5:36  Overlord  
  49  6:09  Roach  
  49  6:10  Roach x7  
  55  6:19  Extractor  
  55  6:20  Extractor  
  53  6:37  Hatchery  
  52  6:45  Overlord  
  52  6:46  Overlord  
  52  6:47  Overlord  
  52  6:48  Overlord  
  52  6:51  Roach  
  52  6:52  Roach x6  
  66  6:56  Drone x2  
  66  6:58  Drone  
  69  7:03  Ravager  
  69  7:04  Ravager  
  71  7:12  Overlord  
  71  7:18  Overlord  
  71  7:24  Drone x4  
  74  7:38  Drone x2  
  74  7:39  Drone x2  
  78  7:45  Drone  
  78  7:47  Ravager x2  
  81  7:52  Queen  
  83  8:03  Drone x5  
  83  8:04  Drone  
  89  8:12  Overseer  
  89  8:17  Glial Reconstitution  
  89  8:19  Zerg Missile Weapons Level 1  
  89  8:24  Hydralisk Den  
  88  8:28  Queen  
  77  9:03  Roach  
  77  9:04  Roach x13  
  105  9:14  Grooved Spines  
  105  9:19  Lurker Den  
  105  9:21  Overlord  
  104  9:25  Drone x2  
  106  9:32  Drone x3  
  106  9:33  Extractor  
  106  9:35  Extractor  
  106  9:38  Overlord  
  107  9:43  Infestation Pit, Hatchery  
  105  10:04  Centrifical Hooks  
  105  10:06  Overlord x2, Zergling x8  
  109  10:07  Overlord  
  109  10:21  Ravager  
  108  10:23  Ravager  
  109  10:36  Zerg Missile Weapons Level 2  
  109  10:39  Pathogen Glands  
  109  10:41  Muscular Augments, Hydralisk x2  
  109  10:42  Evolution Chamber, Hydralisk x4  
  119  11:00  Queen  
  121  11:07  Drone x4  
  121  11:08  Drone x2  
  127  11:12  Drone x5  
  127  11:13  Spire, Drone x2  
  130  11:23  Ravager  
  130  11:24  Ravager  
  130  11:36  Roach  
  130  11:37  Roach x2, Drone x2  
  130  11:38  Drone x4  
  130  11:39  Queen  
  144  11:42  Ravager  
  144  11:44  Overseer  
  145  11:56  Burrow, Hive  
  145  11:58  Zerg Ground Armor Level 2  
  145  12:01  Neural Parasite  
  145  12:03  Evolution Chamber  
  145  12:04  Drone  
  148  12:21  Overlord  
  148  12:26  Tunneling Claws  
  148  12:32  Overlord  
  148  12:33  Overlord  
  148  12:35  Overlord  
  151  12:39  Overlord x2  
  151  12:40  Overlord x3  
  151  12:53  Overlord  
  151  13:02  Hydralisk  
  151  13:03  Hydralisk x11  
  168  13:32  Lurker  
  170  13:34  Ravager  
  170  13:36  Ravager  
  192  14:02  Greater Spire  
  192  14:03  Ultralisk Cavern  
  192  14:08  Zerg Melee Weapons Level 1  
  191  14:14  Extractor  
  191  14:15  Extractor  
  189  14:22  Overlord  
  189  14:29  Hatchery  
  178  14:36  Roach x10  
  150  15:22  Chitinous Plating  
  150  15:34  Swarm Host  
  150  15:35  Swarm Host x12  
  174  15:39  Zergling x2  
  174  15:40  Zergling x2  
  174  15:42  Overlord  
  191  15:43  Overlord  
  183  15:58  Ravager  
  183  15:59  Ravager  
  170  16:09  Zergling x30  
  179  16:22  Swarm Host  
  179  16:23  Swarm Host  
  185  16:32  Zergling x2  
  186  16:33  Zergling x14  
  189  16:55  Roach  
  189  16:56  Roach x4  
  189  16:58  Overlord x2  
  187  17:15  Roach  
  187  17:16  Roach x6  
  199  17:26  Adrenal Glands  
  199  17:28  Drone  
  200  17:48  Roach  
  200  17:49  Ultralisk  
  191  18:12  Corruptor x5  
  199  18:31  Extractor x2  
  197  18:41  Hatchery  
Tags
 
Add a new tag
Caveats
  • Supply blocks, unpowered buildings, or Contaminate may cause inaccurate times.
  • Supply counts are checked every 10 seconds.